[Event "WYCC 2018 G18"]
[Site "Halkidiki"]
[Date "2018.10.29"]
[Round "10"]
[White "Tejaswini, Sagar"]
[Black "Obolentseva, Alexandra"]
[Result "0-1"]
[ECO "B90"]
[WhiteElo "2139"]
[BlackElo "2298"]
[Annotator "NA"]
[PlyCount "114"]
[EventDate "2018.10.20"]
[EventType "swiss"]
[EventCountry "GRE"]
[SourceTitle "playchess.com"]
[Source "ChessBase"]
[SourceQuality "1"]
[TimeControl "40/5400+30:1800+30"]

1. e4 c5 2. Nf3 d6 3. d4 cxd4 4. Nxd4 Nf6 5. Nc3 a6 6. h3 e5 7. Nde2 h5 {[%emt 0:00:08] B90: Sicilian Najdorf: Unusual White 6th moves, 6 Be3 Ng4 and 6 Be3 e5} (7... b5 8. Ng3 Nbd7 9. Bg5 h6 10. Be3 Bb7 11. Bd3 h5 12. Bg5 g6 13. O-O Be7 14. a3 h4 15. Nge2 Nc5 16. Bxf6 Bxf6 {1-0 (48) Dominguez Perez,L (2739)-Vachier Lagrave,M (2779) chess.com INT 2018}) 8. g3 Be6 9. Bg2 b5 10. Be3 Nbd7 11. O-O Be7 12. Nd5 Nxd5 13. exd5 Bf5 14. f4 Rc8 15. c3 {[%emt 0:00:17] [#]} Bh7 $146 16. fxe5 dxe5 17. d6 Bg5 18. Qd2 Bxe3+ 19. Qxe3 O-O 20. a4 Qb6 21. Qxb6 Nxb6 22. Bb7 Rb8 23. Bxa6 Nxa4 24. b3 Nc5 25. b4 Ne4 26. d7 Rfd8 27. Rad1 Rb6 28. Bc8 Nd6 29. Rd5 {[%emt 0:03:03] [#]} f6 $1 30. g4 $19 Be4 31. Rc5 h4 32. Ra1 Rb8 33. Ba6 Rxd7 34. Rd1 Bf3 35. Bxb5 Rxb5 36. Rxb5 Nxb5 37. Rxd7 Bxe2 38. Rd8+ Kf7 39. Kf2 Bc4 40. Rc8 Be6 41. Rc5 Nd6 42. Ke3 f5 43. gxf5 Nxf5+ 44. Ke4 Kf6 45. b5 Nd6+ 46. Kf3 Bxh3 47. b6 Bf5 48. Rc7 g5 49. c4 g4+ 50. Kf2 g3+ 51. Kg2 Be4+ 52. Kh3 Bf5+ 53. Kg2 Ne4 54. Rh7 h3+ 55. Kf1 Bxh7 56. b7 h2 57. Kg2 Nf2 0-1

[Event "WYCC 2018 G18"]
[Site "Halkidiki"]
[Date "2018.10.29"]
[Round "10"]
[White "Redondo Benavente, Ana"]
[Black "Caballero Quijano, Mitzy Mishell"]
[Result "1-0"]
[ECO "C10"]
[WhiteElo "2055"]
[BlackElo "1956"]
[Annotator "NA"]
[PlyCount "105"]
[EventDate "2018.10.20"]
[EventType "swiss"]
[EventCountry "GRE"]
[SourceTitle "playchess.com"]
[Source "ChessBase"]
[SourceQuality "1"]
[TimeControl "40/5400+30:1800+30"]

1. e4 e6 2. d4 d5 3. Nd2 dxe4 4. Nxe4 Nd7 {[%emt 0:00:14] LiveBook: 3931 Games} 5. Bd3 Ngf6 6. Qe2 Nxe4 7. Bxe4 Nf6 8. Bxb7 {[%emt 0:02:50] C10: French with 3 Nc3: Unusual Black 3rd moves and 3...dxe4} Bxb7 9. Qb5+ Qd7 (9... Nd7 10. Qxb7 Bd6 11. Nf3 O-O 12. O-O a5 13. a4 Rb8 14. Qa6 Ra8 15. Qe2 c5 16. dxc5 Nxc5 {½-½ (93) Belyakov,B (2486)-Timofeev,A (2549) Sochi 2017}) 10. Qxb7 Rd8 11. Nf3 Bd6 12. O-O O-O 13. Qa6 Nd5 $146 ({Predecessor:} 13... Rb8 14. Qe2 c5 15. dxc5 Bxc5 {1-0 (29) Rainfray,A (2422)-Saric,A (2175) Litohoto 1999}) 14. Qe2 c5 15. c4 Nb6 16. dxc5 Bxc5 17. Bf4 a5 $16 18. Rad1 Qb7 19. b3 a4 20. Qc2 f6 21. Bd2 axb3 22. axb3 Na8 23. b4 Ba7 24. b5 e5 25. Ba5 Rc8 26. Qb3 Bc5 27. Bb4 Nb6 28. Nd2 Qf7 29. Rc1 Rfd8 30. Rc2 Rd4 31. Bxc5 Rxc5 32. Qa3 Qc7 33. Rfc1 Qd6 34. Qa2 Kf8 35. h3 e4 36. Re1 f5 37. g3 Rc8 38. Kg2 Ra8 39. Qb2 Na4 40. Qc1 Nc5 41. Re2 f4 42. Kh2 f3 43. Re3 Rd8 44. Qa3 Rd3 45. Rxd3 exd3 46. Ra2 Kg8 47. Nxf3 Rf8 48. Kg2 Qe7 49. Qa7 Qe4 50. Qxc5 Qxf3+ 51. Kh2 Rd8 52. Rd2 Qe4 53. b6 1-0

[Event "WYCC 2018 G18"]
[Site "Halkidiki"]
[Date "2018.10.29"]
[Round "10"]
[White "Avetisyan, Mariam"]
[Black "Hamedi Nia, Vesal"]
[Result "1-0"]
[ECO "D37"]
[WhiteElo "2049"]
[BlackElo "1987"]
[Annotator "NA"]
[PlyCount "75"]
[EventDate "2018.10.20"]
[EventType "swiss"]
[EventCountry "GRE"]
[SourceTitle "playchess.com"]
[Source "ChessBase"]
[SourceQuality "1"]
[TimeControl "40/5400+30:1800+30"]

1. d4 d5 2. c4 e6 3. Nc3 Be7 4. Nf3 Nf6 $11 {[%emt 0:00:00] LiveBook: 19823 Games} 5. Bf4 O-O 6. e3 Nbd7 7. c5 Ne4 8. Qc2 Nxc3 9. Qxc3 a5 10. Qc2 c6 11. Bd3 h6 12. Rc1 Nb8 13. Ne5 b6 14. cxb6 Bb4+ 15. Ke2 Bb7 16. h4 Qxb6 17. Rh3 Ba6 18. Rg3 Kh8 19. Kf3 Bxd3 20. Qxd3 Bd6 21. Qc2 Bxe5 22. Bxe5 f6 23. Bd6 Rf7 24. Qg6 Raa7 25. Rc3 Na6 26. Qc2 Rac7 27. Bxc7 Rxc7 28. Rh3 f5 29. Rh1 Qb7 30. Rc1 Nb4 31. Qa4 Qc8 32. Qxa5 Rb7 33. a3 Qe8 34. axb4 Qh5+ 35. Kg3 g5 36. Qa8+ Kg7 37. Qxb7+ Kg6 38. Kh2 1-0

[Event "WYCC 2018 G18"]
[Site "Halkidiki"]
[Date "2018.10.29"]
[Round "10"]
[White "Tarini Goyal"]
[Black "Nguyen, Thi Minh Thu"]
[Result "1-0"]
[ECO "E64"]
[WhiteElo "2026"]
[BlackElo "1849"]
[Annotator "NA"]
[PlyCount "121"]
[EventDate "2018.10.20"]
[EventType "swiss"]
[EventCountry "GRE"]
[SourceTitle "playchess.com"]
[Source "ChessBase"]
[SourceQuality "1"]
[TimeControl "40/5400+30:1800+30"]

1. c4 Nf6 2. d4 g6 3. g3 Bg7 4. Bg2 O-O 5. Nf3 d6 6. Nc3 c5 7. d5 Na6 8. O-O Nc7 9. e4 Bg4 10. h3 Bxf3 11. Qxf3 a6 12. a4 b5 13. Bf4 Nd7 14. axb5 axb5 15. cxb5 Qb8 16. Qe2 Qb6 17. Rfb1 Rfb8 18. Bf1 Ra5 19. Bg5 Kf8 20. Qe3 Rba8 21. Rxa5 Rxa5 22. Bh6 Qa7 23. Bxg7+ Kxg7 24. Qc1 Nb6 25. b3 Nc8 26. Qb2 Kg8 27. b4 cxb4 28. Qxb4 Nb6 29. e5 Ra3 30. exd6 exd6 31. Qd4 Nbxd5 32. Qxa7 Rxa7 33. b6 Nxc3 34. Rb3 Rb7 35. Rxc3 Ne6 36. Rc6 Nd4 37. Rxd6 Nf5 38. Rc6 Nd4 39. Ba6 Nxc6 40. Bxb7 Nb8 41. Bg2 Kg7 42. Kf1 Kf6 43. Ke2 Ke5 44. Kd3 Nd7 45. b7 Kd6 46. Kd4 f6 47. h4 h6 48. Be4 f5 49. Bg2 g5 50. hxg5 hxg5 51. Bh3 g4 52. Bf1 Nb8 53. Bd3 Nc6+ 54. Ke3 Ke5 55. Bf1 Nb8 56. Bb5 f4+ 57. gxf4+ Kf5 58. Bd3+ Kf6 59. Kd4 Ke6 60. Kc5 Kd7 61. Kb6 1-0

[Event "WYCC 2018 G18"]
[Site "Halkidiki"]
[Date "2018.10.29"]
[Round "10"]
[White "Greibrokk, Ingrid"]
[Black "Mocanu, Valeria"]
[Result "1/2-1/2"]
[ECO "A14"]
[WhiteElo "2018"]
[BlackElo "1800"]
[Annotator "NA"]
[PlyCount "104"]
[EventDate "2018.10.20"]
[EventType "swiss"]
[EventCountry "GRE"]
[SourceTitle "playchess.com"]
[Source "ChessBase"]
[SourceQuality "1"]
[TimeControl "40/5400+30:1800+30"]

1. c4 e6 2. g3 d5 3. Bg2 Nf6 4. Nf3 Be7 5. O-O O-O 6. Qc2 d4 7. b3 c5 8. d3 Nc6 9. e4 dxe3 10. Bxe3 Nb4 11. Qc3 Qxd3 12. Qxd3 Nxd3 13. a3 Ng4 14. Rd1 Nxe3 15. fxe3 Bf6 16. Ra2 Ne5 17. Nxe5 Bxe5 18. Rad2 Bf6 19. Rd3 Rb8 20. Nc3 Bxc3 21. Rxc3 b6 22. Rcd3 e5 23. Rd6 Bg4 24. R1d5 Be6 25. Rxe5 Rbd8 26. Rxd8 Rxd8 27. Bd5 Bxd5 28. cxd5 Kf8 29. e4 Rd6 30. Rf5 Ke7 31. Kg2 g6 32. Rf3 f5 33. exf5 Rxd5 34. fxg6 hxg6 35. g4 b5 36. h4 c4 37. Kg3 cxb3 38. Rxb3 a5 39. Kf3 Kd6 40. Ke4 Re5+ 41. Kf4 Rd5 42. Rh3 b4 43. axb4 axb4 44. h5 gxh5 45. gxh5 Kc5 46. h6 Rd8 47. h7 Rh8 48. Ke3 Kd5 49. Kd3 Ke6 50. Kc4 Kf7 51. Kxb4 Kg7 52. Rg3+ Kxh7 1/2-1/2

[Event "WYCC 2018 G18"]
[Site "Halkidiki"]
[Date "2018.10.29"]
[Round "10"]
[White "Du, Yuxin"]
[Black "Perminaite, Guoda"]
[Result "1/2-1/2"]
[ECO "C54"]
[WhiteElo "2011"]
[BlackElo "1840"]
[Annotator "NA"]
[PlyCount "116"]
[EventDate "2018.10.20"]
[EventType "swiss"]
[EventCountry "GRE"]
[SourceTitle "playchess.com"]
[Source "ChessBase"]
[SourceQuality "1"]
[TimeControl "40/5400+30:1800+30"]

1. e4 e5 2. Nf3 Nc6 3. Bc4 Bc5 4. c3 Nf6 5. d4 exd4 6. e5 d5 7. Bb5 Ne4 8. cxd4 Bb6 9. Nc3 O-O 10. Be3 Bg4 11. h3 Bh5 12. Qc2 Bg6 13. Qb3 Ne7 14. Nh4 c6 15. Nxg6 hxg6 16. Bd3 Nxc3 17. bxc3 Nf5 18. Bxf5 gxf5 19. Qc2 Qd7 20. f4 f6 21. O-O Rac8 22. Qf2 Kf7 23. Rae1 Rh8 24. Bc1 Rce8 25. Ba3 g6 26. Re2 fxe5 27. fxe5 Ke6 28. Qf4 Qh7 29. Ref2 Bd8 30. Qd2 Be7 31. Bc1 Ref8 32. Qb2 b6 33. Qc2 Bd8 34. Qa4 Qb7 35. Rf3 g5 36. Rxf5 Rxf5 37. Rxf5 b5 38. Qd1 Qh7 39. Rf1 Qe4 40. Qf3 Qxf3 41. Rxf3 Be7 42. Be3 Rc8 43. Kf1 a5 44. Ke2 c5 45. dxc5 Kxe5 46. Kd3 g4 47. Bd4+ Ke6 48. Re3+ Kf7 49. Re5 gxh3 50. gxh3 Bxc5 51. Rxd5 Bxd4 52. cxd4 Rh8 53. Rxb5 Rxh3+ 54. Kc4 Ra3 55. Rb2 Ke7 56. Rd2 Kd6 57. d5 Ra4+ 58. Kb5 Ra3 1/2-1/2

[Event "WYCC 2018 G18"]
[Site "Halkidiki"]
[Date "2018.10.29"]
[Round "10"]
[White "Priyanka, Kumari"]
[Black "Gillis Onieva, Celia"]
[Result "1/2-1/2"]
[ECO "B35"]
[WhiteElo "2005"]
[BlackElo "1892"]
[Annotator "NA"]
[PlyCount "110"]
[EventDate "2018.10.20"]
[EventType "swiss"]
[EventCountry "GRE"]
[SourceTitle "playchess.com"]
[Source "ChessBase"]
[SourceQuality "1"]
[TimeControl "40/5400+30:1800+30"]

1. e4 c5 2. Nf3 Nc6 3. d4 cxd4 4. Nxd4 g6 5. Nc3 Bg7 6. Be3 Nf6 7. Bc4 O-O 8. Bb3 a5 9. O-O Nxd4 10. Bxd4 d6 11. Re1 Bd7 12. a4 Bc6 13. Qd3 Nd7 14. Bxg7 Kxg7 15. Rad1 Qb6 16. Nd5 Bxd5 17. exd5 Rfe8 18. Qd4+ Qxd4 19. Rxd4 Nc5 20. Bc4 Rec8 21. Bb5 Rc7 22. Kf1 Rac8 23. c3 Kf8 24. Re3 Nd7 25. Ke2 Nf6 26. Red3 Rc5 27. Kd2 R8c7 28. Kc2 Kg7 29. Rd2 Rc8 30. f3 h5 31. h4 R8c7 32. R4d3 Nd7 33. Rd4 Nf6 34. Kb3 Rc8 35. R2d3 R8c7 36. Kc2 Nd7 37. Bxd7 Rxd7 38. b3 Rdc7 39. b4 axb4 40. Rxb4 f6 41. Kb3 Kf7 42. Rb6 Ke8 43. Rb4 Kd8 44. c4 Kd7 45. Re3 Ra5 46. Kc3 Rxd5 47. Rxb7 Rd3+ 48. Rxd3 Rxb7 49. Rd1 Kc6 50. a5 e5 51. Ra1 Kc5 52. Rd1 Kc6 53. Ra1 Kc5 54. Rd1 Kc6 55. Ra1 Kc5 1/2-1/2

[Event "WYCC 2018 G18"]
[Site "Halkidiki"]
[Date "2018.10.29"]
[Round "10"]
[White "Stashis, Anna"]
[Black "Vlkova, Anezka"]
[Result "1-0"]
[ECO "B22"]
[WhiteElo "1979"]
[BlackElo "1925"]
[Annotator "NA"]
[PlyCount "85"]
[EventDate "2018.10.20"]
[EventType "swiss"]
[EventCountry "GRE"]
[SourceTitle "playchess.com"]
[Source "ChessBase"]
[SourceQuality "1"]
[TimeControl "40/5400+30:1800+30"]

1. e4 c5 2. c3 g6 3. Nf3 Bg7 4. d4 cxd4 5. cxd4 d5 6. e5 Bg4 7. Nc3 Nc6 8. Bb5 Bxf3 {[%emt 0:01:36] B27: Sicilian: 2 Nf3, unusual Black 2nd moves} (8... Rc8 9. h3 Bxf3 10. Qxf3 e6 11. O-O Nge7 12. Bg5 O-O 13. Bxc6 Rxc6 14. Nb5 a6 15. Nc3 h6 16. Bxe7 Qxe7 {1-0 (63) Nemeth,M (2470)-Jakab,A (2368) Ajka 2018}) 9. Qxf3 e6 10. Bxc6+ bxc6 11. O-O Nh6 12. Na4 $146 ({Predecessor:} 12. Be3 O-O 13. Rac1 Nf5 14. Na4 Qh4 15. Rfd1 Nxe3 16. fxe3 {½-½ (42) Menzi,N (1887)-Kaya,E (2005) Kemer 2012}) 12... O-O 13. Nc5 Nf5 14. Qd3 Qe7 15. Re1 Rab8 16. a3 a5 17. b3 Rb5 18. a4 Rb4 19. Bb2 Rfb8 $16 (19... Ra8 $14) 20. Bc3 R8b6 21. Bxb4 Rxb4 22. Qc3 Qa7 23. Red1 Bf8 24. Rac1 h5 25. g3 g5 26. Kg2 Rb8 27. Qd3 g4 28. Qc3 Be7 29. Rb1 Bxc5 30. Qxc5 Qxc5 31. dxc5 Rb4 32. h3 Kg7 33. Rd3 Kg6 34. hxg4 hxg4 35. f3 Nh6 36. Rf1 Nf5 37. fxg4 Rxg4 38. Rf4 Kg5 39. Rxg4+ Kxg4 40. b4 axb4 41. Rb3 Ne7 42. Rxb4+ Kf5 43. Rb7 1-0

[Event "WYCC 2018 G18"]
[Site "Halkidiki"]
[Date "2018.10.29"]
[Round "10"]
[White "Manova, Ivana"]
[Black "Rozman, Monika"]
[Result "1/2-1/2"]
[ECO "B23"]
[WhiteElo "1951"]
[BlackElo "2141"]
[Annotator "NA"]
[PlyCount "85"]
[EventDate "2018.10.20"]
[EventType "swiss"]
[EventCountry "GRE"]
[SourceTitle "playchess.com"]
[Source "ChessBase"]
[SourceQuality "1"]
[TimeControl "40/5400+30:1800+30"]

1. e4 c5 2. Nc3 a6 3. g3 b5 4. Bg2 Bb7 5. d3 e6 6. Nf3 Nc6 7. O-O Be7 8. e5 Qc7 9. Re1 h5 10. h3 Nh6 11. Bxh6 Rxh6 12. d4 cxd4 13. Nxd4 O-O-O 14. Nxc6 Bxc6 15. Qd4 Bxg2 16. Kxg2 d6 17. Qf4 dxe5 18. Qxf7 Rf8 19. Qxg7 Rxf2+ 20. Kh1 Bf8 21. Qxc7+ Kxc7 22. Rxe5 Rxc2 23. Re2 Rxe2 24. Nxe2 e5 25. Nc3 Kd7 26. Kg2 Bc5 27. Ne4 Bd4 28. Rd1 Rc6 29. Rd2 Ke6 30. Kf3 Rc1 31. Rg2 Rf1+ 32. Ke2 Ra1 33. Kd3 Rxa2 34. g4 hxg4 35. hxg4 Rxb2 36. Rxb2 Bxb2 37. Nc5+ Kf6 38. Nxa6 Kg5 39. Nc7 b4 40. Ke4 Kxg4 41. Na6 Bc3 42. Nxb4 Bxb4 43. Kxe5 1/2-1/2

[Event "WYCC 2018 G18"]
[Site "Halkidiki"]
[Date "2018.10.29"]
[Round "10"]
[White "Prakapuk, Vera"]
[Black "Egyed, Judit"]
[Result "1/2-1/2"]
[ECO "B53"]
[WhiteElo "1949"]
[BlackElo "2089"]
[Annotator "NA"]
[PlyCount "95"]
[EventDate "2018.10.20"]
[EventType "swiss"]
[EventCountry "GRE"]
[SourceTitle "playchess.com"]
[Source "ChessBase"]
[SourceQuality "1"]
[TimeControl "40/5400+30:1800+30"]

1. e4 c5 2. Nf3 d6 3. d4 cxd4 4. Qxd4 Nc6 5. Bb5 Bd7 6. Bxc6 Bxc6 7. Nc3 Nf6 8. Bg5 e6 9. O-O-O Be7 10. Rhe1 O-O 11. Kb1 Qc7 12. Qd2 Rfd8 13. Nd4 Rab8 14. f3 b5 15. g4 b4 16. Nce2 a5 17. Ng3 Ba8 18. Nh5 Ne8 19. Bxe7 Qxe7 20. f4 a4 21. f5 g6 22. Nf4 e5 23. Nd5 Qa7 24. Nf3 Bxd5 25. exd5 Rdc8 26. Rc1 Qc5 27. Ng5 Rb5 28. fxg6 fxg6 29. Rf1 Qxd5 30. Qf2 Ng7 31. Nf7 Nf5 32. gxf5 Qxf7 33. fxg6 Qxf2 34. gxh7+ Kxh7 35. Rxf2 e4 36. Rf4 Re8 37. Rg1 Rh5 38. h4 d5 39. Kc1 Ree5 40. Rf7+ Kh8 41. Rb7 b3 42. axb3 axb3 43. Rxb3 Rxh4 44. c3 e3 45. Rb6 Rh2 46. Rd6 Rf5 47. Re6 Rff2 48. Rxe3 1/2-1/2

[Event "WYCC 2018 G18"]
[Site "Halkidiki"]
[Date "2018.10.29"]
[Round "10"]
[White "Koehler, Inken"]
[Black "Represa Perez, Mireya"]
[Result "0-1"]
[ECO "B54"]
[WhiteElo "1934"]
[BlackElo "2151"]
[Annotator "NA"]
[PlyCount "112"]
[EventDate "2018.10.20"]
[EventType "swiss"]
[EventCountry "GRE"]
[SourceTitle "playchess.com"]
[Source "ChessBase"]
[SourceQuality "1"]
[TimeControl "40/5400+30:1800+30"]

1. e4 c5 2. Nf3 d6 3. d4 cxd4 4. Nxd4 Nf6 5. f3 e5 6. Nb3 Be6 7. c4 Nbd7 8. Be3 Rc8 9. Na3 a6 10. Be2 b5 11. cxb5 axb5 12. Nxb5 d5 13. O-O d4 14. Bf2 Nh5 15. Rc1 Nf4 16. Re1 Be7 17. Bf1 O-O 18. Rxc8 Qxc8 19. Qc1 Qb8 20. Qb1 Bg5 21. Kh1 Rd8 22. Rd1 g6 23. Be1 Rc8 24. Rc1 Rxc1 25. Nxc1 Nc5 26. Bb4 Qb6 27. Bxc5 Qxc5 28. Nd3 Nxd3 29. Qxd3 Bxa2 30. Na3 Qc1 31. Qb5 h6 32. Qe2 Bb3 33. h3 Qf4 34. Qd3 Qg3 35. f4 Bxf4 36. Qxg3 Bxg3 37. Bd3 Kf8 38. Kg1 Ke7 39. Kf1 Kd6 40. Nc4+ Kc5 41. Na5 Be6 42. Ke2 f6 43. Nb7+ Kb4 44. Nd8 Bg8 45. Nc6+ Kb3 46. Ne7 Bf7 47. Kf3 Bf4 48. g3 Bc1 49. Nd5 Bxd5 50. exd5 f5 51. Bb5 Bxb2 52. g4 Kc3 53. gxf5 gxf5 54. Bd7 e4+ 55. Kf2 Kd2 56. Kf1 e3 0-1

[Event "WYCC 2018 G18"]
[Site "Halkidiki"]
[Date "2018.10.29"]
[Round "10"]
[White "Belluire, Beatrice"]
[Black "Muratova, Saltanat"]
[Result "0-1"]
[ECO "B31"]
[WhiteElo "1931"]
[BlackElo "1859"]
[Annotator "NA"]
[PlyCount "64"]
[EventDate "2018.10.20"]
[EventType "swiss"]
[EventCountry "GRE"]
[SourceTitle "playchess.com"]
[Source "ChessBase"]
[SourceQuality "1"]
[TimeControl "40/5400+30:1800+30"]

1. e4 c5 2. Nf3 Nc6 3. Bb5 g6 4. Bxc6 bxc6 5. O-O Bg7 6. Re1 Rb8 7. c3 Nf6 8. e5 Nd5 9. c4 Nc7 10. Nc3 O-O 11. d4 cxd4 12. Qxd4 Ne6 13. Qxa7 Rb7 14. Qe3 d5 15. exd6 exd6 16. Qd2 Rd7 17. b3 Bb7 18. Bb2 d5 19. Ne5 Bxe5 20. Rxe5 dxc4 21. Qh6 Rd2 22. Re2 Rxe2 23. Nxe2 Qd3 24. Re1 Rd8 25. Ng3 c3 26. Bc1 c2 27. f3 Qd1 28. Qe3 Nc5 29. Ne4 Qxe1+ 30. Qxe1 Rd1 31. Nxc5 Rxe1+ 32. Kf2 Rxc1 0-1

[Event "WYCC 2018 G18"]
[Site "Halkidiki"]
[Date "2018.10.29"]
[Round "10"]
[White "Zairbek kyzy, Begimay"]
[Black "Limanovska, Elizabete"]
[Result "1-0"]
[ECO "B22"]
[WhiteElo "1919"]
[BlackElo "2072"]
[Annotator "NA"]
[PlyCount "119"]
[EventDate "2018.10.20"]
[EventType "swiss"]
[EventCountry "GRE"]
[SourceTitle "playchess.com"]
[Source "ChessBase"]
[SourceQuality "1"]
[TimeControl "40/5400+30:1800+30"]

1. e4 c5 2. c3 Nf6 3. e5 Nd5 4. d4 cxd4 5. cxd4 {[%emt 0:00:01] LiveBook: 1377 Partien} d6 6. f4 Nc6 {[%emt 0:09:14] B22: Sicilian: 2 c3} 7. Nf3 e6 8. Nc3 Nxc3 9. bxc3 Be7 10. Bd3 b6 11. O-O Bb7 12. Qc2 $146 ({Predecessor:} 12. f5 exf5 13. Bxf5 dxe5 14. d5 Bc5+ 15. Kh1 {0-1 (38) Sveshnikov,V (2377)-Kovalenko,I (2636) Olaine 2017}) 12... g6 13. Be3 Rc8 14. a3 O-O 15. f5 (15. d5 $11 exd5 16. e6) 15... exf5 16. Bxf5 Rc7 ({Better is} 16... gxf5 $17 17. Qxf5 dxe5 18. dxe5 Rc7) 17. Bh6 dxe5 18. Bxf8 Bxf8 19. Be4 $17 Nxd4 20. Nxd4 exd4 21. Bxb7 Rxb7 22. cxd4 Qxd4+ 23. Kh1 Rd7 24. Qe2 Qd3 25. Qa2 Bc5 26. h3 Qg3 27. Rf3 Qe5 28. Raf1 Bd6 29. g3 Qe8 30. a4 Kg7 31. Kg2 Re7 32. Qb2+ Be5 33. Qb5 f5 34. Re1 Qxb5 35. axb5 Kf6 36. Rfe3 g5 37. Rc1 Rd7 38. Rc6+ Rd6 39. Rxd6+ Bxd6 40. Re8 h5 41. Rh8 Kg6 42. Ra8 f4 43. Rxa7 fxg3 44. Rb7 Bc5 45. Kxg3 Kf5 46. Rh7 Bd6+ 47. Kg2 Kg6 48. Rb7 Bc5 49. Rc7 Bd4 50. Rc6+ Kf5 51. Rh6 h4 52. Kf3 Bc5 53. Rh8 Bb4 54. Rd8 Ke5 55. Rd3 Bc5 56. Kg4 Ke4 57. Rd7 Be3 58. Rd1 Bf4 59. Rd7 Be3 60. Re7+ 1-0

[Event "WYCC 2018 G18"]
[Site "Halkidiki"]
[Date "2018.10.29"]
[Round "10"]
[White "Kieu, Bich Thuy"]
[Black "Cvitan, Ena"]
[Result "1/2-1/2"]
[ECO "D31"]
[WhiteElo "1913"]
[BlackElo "2034"]
[Annotator "NA"]
[PlyCount "42"]
[EventDate "2018.10.20"]
[EventType "swiss"]
[EventCountry "GRE"]
[SourceTitle "playchess.com"]
[Source "ChessBase"]
[SourceQuality "1"]
[TimeControl "40/5400+30:1800+30"]

1. d4 d5 2. c4 e6 3. Nc3 a6 4. Nf3 dxc4 5. a4 Nc6 6. e3 Na5 7. Nd2 Nf6 8. Nxc4 c5 9. Be2 Nxc4 10. Bxc4 cxd4 11. exd4 Be7 12. O-O O-O 13. Be3 Bd7 14. d5 Qc7 15. Qe2 Rac8 16. Bb3 exd5 17. Nxd5 Nxd5 18. Bxd5 Bc6 19. Rac1 Qd7 20. Bxc6 Rxc6 21. Rxc6 Qxc6 1/2-1/2

[Event "WYCC 2018 G18"]
[Site "Halkidiki"]
[Date "2018.10.29"]
[Round "10"]
[White "Tsivelekidou, Evgenia"]
[Black "Ramirez Toledo, Ayleen Maribel"]
[Result "1-0"]
[ECO "A48"]
[WhiteElo "1891"]
[BlackElo "1545"]
[Annotator "NA"]
[PlyCount "85"]
[EventDate "2018.10.20"]
[EventType "swiss"]
[EventCountry "GRE"]
[SourceTitle "playchess.com"]
[Source "ChessBase"]
[SourceQuality "1"]
[TimeControl "40/5400+30:1800+30"]

1. d4 Nf6 2. Nf3 g6 3. Bg5 Bg7 4. Nbd2 O-O $11 {[%emt 0:00:04] LiveBook: 1985 Games} 5. c3 d6 6. e4 Nbd7 7. Be2 Qe8 8. O-O e5 9. dxe5 dxe5 10. Qc2 h6 11. Bh4 Nh5 12. Rfe1 Nf4 13. Bf1 b6 14. a4 a5 15. b4 Bb7 16. Nc4 Qe6 17. Nfd2 g5 18. Bg3 h5 19. Ne3 Qg6 20. Nf5 Bf6 21. Rad1 Kh8 22. Nc4 Rfd8 23. f3 Ba6 24. Nce3 Bb7 25. Rd2 Nf8 26. Rxd8 Rxd8 27. bxa5 bxa5 28. Qb3 Bc6 29. Qc4 Be8 30. Qxc7 Bxa4 31. Qxa5 Be8 32. c4 N8e6 33. Nd5 Nd4 34. Nxd4 exd4 35. Bxf4 gxf4 36. Nxf6 Qxf6 37. Qxh5+ Kg8 38. Bd3 Bd7 39. e5 Qg7 40. Qh4 Ra8 41. Qxf4 Kf8 42. Qxd4 Ra2 43. Bf1 1-0

[Event "WYCC 2018 G18"]
[Site "Halkidiki"]
[Date "2018.10.29"]
[Round "10"]
[White "Dong, Khanh Linh"]
[Black "Sliwicka, Alicja"]
[Result "0-1"]
[ECO "A05"]
[WhiteElo "1879"]
[BlackElo "2264"]
[Annotator "NA"]
[PlyCount "104"]
[EventDate "2018.10.20"]
[EventType "swiss"]
[EventCountry "GRE"]
[SourceTitle "playchess.com"]
[Source "ChessBase"]
[SourceQuality "1"]
[TimeControl "40/5400+30:1800+30"]

1. Nf3 Nf6 2. c4 d6 3. g3 Nbd7 4. d4 e5 5. Bg2 Be7 6. dxe5 dxe5 7. O-O O-O 8. Nc3 c6 9. Qc2 Qc7 10. Rd1 a5 11. b3 Re8 12. Bb2 Bf8 13. Ne4 Nxe4 14. Qxe4 f6 15. Nd2 Nc5 16. Qe3 Bf5 17. Nf3 $15 Ne4 18. Qc1 Bc5 19. e3 Bg4 20. h3 Bh5 21. g4 Bf7 22. Nd2 Nxd2 23. Rxd2 Bg6 24. Ba3 Bxa3 25. Qxa3 Rad8 26. Rad1 h5 27. Qc5 hxg4 28. Bd5+ Kh8 29. hxg4 e4 30. Kg2 Qe5 31. Rh1+ Bh7 32. Rh5 g5 33. Qb6 cxd5 34. cxd5 Rd7 35. Qxa5 Red8 36. Qb5 Kg7 37. Rh1 Bg6 38. a4 Bf7 39. Rhd1 Rxd5 40. Rxd5 Rxd5 41. Rxd5 Qxd5 42. Qb6 Qxb3 43. Qc7 Qe6 44. Qxb7 Qxg4+ 45. Kh2 Qf3 46. Qb2 Be6 47. Qb7+ Kg6 48. Qc6 Qxf2+ 49. Kh1 Qf3+ 50. Kh2 Qh3+ 51. Kg1 Qxe3+ 52. Kh2 Bf7 0-1

[Event "WYCC 2018 G18"]
[Site "Halkidiki"]
[Date "2018.10.29"]
[Round "10"]
[White "Nemcova, Kamila"]
[Black "Manriquez Abarzua, Maria Belen"]
[Result "1-0"]
[ECO "C50"]
[WhiteElo "1879"]
[BlackElo "1630"]
[Annotator "NA"]
[PlyCount "85"]
[EventDate "2018.10.20"]
[EventType "swiss"]
[EventCountry "GRE"]
[SourceTitle "playchess.com"]
[Source "ChessBase"]
[SourceQuality "1"]
[TimeControl "40/5400+30:1800+30"]

1. e4 e5 2. Nf3 Nc6 3. Bc4 Bc5 4. O-O Nf6 5. d4 Bxd4 6. Nxd4 Nxd4 7. f4 d6 8. fxe5 dxe5 9. Bg5 Be6 10. Na3 h6 11. Bxf6 gxf6 12. c3 Bxc4 13. Nxc4 Nc6 14. Qxd8+ Rxd8 15. Rxf6 Ke7 16. Raf1 Rh7 17. Ne3 Rf8 18. b4 h5 19. Nd5+ Kd7 20. Rd1 Ne7 21. Nb6+ Ke8 22. Na8 Nd5 23. Rxd5 Ke7 24. Rf5 Rxa8 25. Rfxe5+ Kf6 26. Rxh5 Rxh5 27. Rxh5 Re8 28. Rf5+ Kg6 29. Rf4 Re5 30. Kf2 f6 31. Ke3 Rg5 32. Rf2 Kf7 33. Kf4 Ke6 34. g4 Kf7 35. Rd2 Ke6 36. h4 Rg8 37. h5 c6 38. c4 a6 39. h6 Rh8 40. Rh2 Rh7 41. g5 fxg5+ 42. Kxg5 Kf7 43. Rd2 1-0

[Event "WYCC 2018 G18"]
[Site "Halkidiki"]
[Date "2018.10.29"]
[Round "10"]
[White "Salimova, Asal"]
[Black "Vanduyfhuys, Daria"]
[Result "1/2-1/2"]
[ECO "D05"]
[WhiteElo "1870"]
[BlackElo "2058"]
[Annotator "NA"]
[PlyCount "136"]
[EventDate "2018.10.20"]
[EventType "swiss"]
[EventCountry "GRE"]
[SourceTitle "playchess.com"]
[Source "ChessBase"]
[SourceQuality "1"]
[TimeControl "40/5400+30:1800+30"]

1. d4 d5 2. e3 Nf6 3. Bd3 c5 4. c3 Nc6 5. f4 Bg4 6. Nf3 e6 7. h3 Bf5 8. g4 Bxd3 9. Qxd3 Qc7 10. O-O O-O-O 11. Nbd2 g5 12. Ne5 Nxe5 13. fxe5 Ne8 14. Nf3 f6 15. Kg2 Bg7 16. exf6 Bxf6 17. e4 h6 18. e5 Bg7 19. Bxg5 hxg5 20. Nxg5 Qe7 21. Nf7 Rh4 22. Nxd8 Kxd8 23. Qg6 Rh6 24. Qf7 Qg5 25. Qxb7 Qd2+ 26. Rf2 Qd3 27. Qb8+ Ke7 28. Qxa7+ Kd8 29. Qb6+ Ke7 30. Qxc5+ Kd8 31. Qb6+ Ke7 32. Qa7+ Kd8 33. Qa8+ Ke7 34. Qa3+ Kd8 35. c4 Qxd4 36. cxd5 exd5 37. Rc1 Rb6 38. Qc5 Qxc5 39. Rxc5 Nc7 40. Re2 d4 41. h4 Ne6 42. Rd5+ Ke7 43. Kf3 Rb8 44. Rd2 Rh8 45. Kg3 Ra8 46. a3 Rf8 47. Rf2 Rc8 48. Rb5 Rc5 49. Rb7+ Ke8 50. Rff7 Bxe5+ 51. Kf3 Bc7 52. Rf5 Rc1 53. Ke2 Rh1 54. Kd3 Rxh4 55. b4 Rxg4 56. Kc4 Kd7 57. Rf6 Re4 58. Ra7 Kc8 59. Ra8+ Kb7 60. Re8 d3+ 61. Kxd3 Nc5+ 62. bxc5 Rxe8 63. Kc4 Re4+ 64. Kb5 Re5 65. a4 Re1 66. Rf7 Rb1+ 67. Kc4 Rc1+ 68. Kb5 Rb1+ 1/2-1/2